 Dungeon Crawl Stone Soup version 0.30.1-11-g7821555f0a (webtiles) character file.

Game seed: 17605393964367724314

3932 booth the Cleaver (level 10, -4/81 HPs)
             Began as a Minotaur Fighter on Dec 13, 2023.
             Was a Priest of Hepliaklqana.
             Killed from afar by Erica (14 damage)
             ... with a bolt of poison
             ... on level 8 of the Dungeon.
             The game lasted 00:43:24 (7228 turns).

booth the Cleaver (Minotaur Fighter)                Turns: 7228, Time: 00:43:24

Health: -4/81      AC: 15    Str: 23    XL:     10   Next: 1%
Magic:  12/12      EV:  7    Int:  9    God:    Hepliaklqana [***...]
Gold:   447        SH:  8    Dex: 10    Spells: 9/9 levels left

rFire   . . .        a - +0 war axe
rCold   + . .        I - +0 kite shield
rNeg    . . .        i - +0 chain mail
rPois   .            u - +1 hat
rElec   .            g - +0 cloak
rCorr   .            o - +0 pair of gloves
SInv    .            q - +1 pair of boots
Will    .....        (no amulet) Stlth
                     H - ring of protection from cold
HPRegen 0.33/turn    (no ring)
MPRegen 0.13/turn

%: no passive effects
@: lethally poisoned (-4 -> -21), slowed, very slow
A: reduced essence, horns 2, retaliatory headbutt, clever 1, MP-powered wands
a: Renounce Religion, Recall Ancestor, Ancestor Identity, Transference


You were on level 8 of the Dungeon.
You worshipped Hepliaklqana.
Hepliaklqana was most pleased with you.
You visited 1 branch of the dungeon, and saw 8 of its levels.

You collected 447 gold pieces.

Inventory:

Hand Weapons
 a - a +0 war axe (weapon)
 x - a +3 flail of protection
 A - a +0 battleaxe
Missiles
 h - 3 javelins
 y - 13 poisoned darts
 z - a boomerang (quivered)
 B - an atropa-tipped dart
 L - a curare-tipped dart
Armour
 b - a +0 scale mail
 g - a +0 cloak (worn)
 i - a +0 chain mail (worn)
 o - a +0 pair of gloves (worn)
 q - a +1 pair of boots (worn)
 u - a +1 hat (worn)
 I - a +0 kite shield (worn)
Jewellery
 H - a ring of protection from cold (left hand)
Wands
 t - a wand of polymorph (2)
 v - a wand of roots (4)
 J - a wand of paralysis (9)
Scrolls
 f - 2 scrolls of poison
 j - a scroll of fear {unknown}
 r - a scroll of amnesia
 w - a scroll of torment {unknown}
 C - a scroll of enchant armour {unknown}
 D - 4 scrolls of enchant weapon {unknown}
 E - a scroll of acquirement
 F - a scroll of magic mapping
Potions
 c - a potion of attraction {unknown}
 d - 2 potions of might
 e - a potion of brilliance
 k - a potion of curing
 l - a potion of cancellation
 m - a potion of invisibility {unknown}
 n - a potion of magic
 p - a potion of flight {unknown}
 G - a potion of lignification
 K - a potion of ambrosia


   Skills:
 + Level 9.3 Fighting
 + Level 11.7 Axes
 + Level 4.9 Throwing
 + Level 5.1 Armour
 - Level 3.8 Shields
 + Level 5.0 Invocations


You had 9 spell levels left.
You didn't know any spells.
Your spell library contained the following spells:

 Spells                   Type           Power      Damage    Failure   Level
 Freeze                   Ice            0%         1d3       99%         1
 Necrotise                Necr           0%         1d4       99%         1
 Frozen Ramparts          Ice            0%         1d1       100%        3
 Hailstorm                Conj/Ice       0%         3d3       100%        3
 Ozocubu's Armour         Ice            0%         N/A       100%        3
 Vampiric Draining        Necr           0%         2d6       100%        3
 Ice Form                 Ice/Tmut       0%         N/A       100%        4
 Agony                    Necr           0%         N/A       100%        5
 Alistair's Intoxication  Tmut/Pois      0%         N/A       100%        5
 Borgnjor's Vile Clutch   Necr/Erth      0%         N/A       100%        5
 Eringya's Noxious Bog    Tmut/Pois      0%         N/A       100%        6
 Simulacrum               Ice/Necr       0%         N/A       100%        6
 Ozocubu's Refrigeration  Ice            0%         4d7       100%        7


Dungeon Overview and Level Annotations

Branches:
Dungeon (8/15)             Temple (0/1) D:4
   Lair: D:8-11

Altars:
Ashenzari
Cheibriados
Fedhas
Gozag
Hepliaklqana
Makhleb
Ru
Xom
Yredelemnul
The Shining One

Portals:
Abyss: D:5

Annotations:
D:5 2 transporters, Sakumbe's ghost, novice SpVM
D:8 Erica


Innate Abilities, Weirdness & Mutations

Your life essence is reduced to manifest your ancestor. (-10% HP)
You have a pair of horns on your head.
You reflexively headbutt those who attack you in melee.
Your mind is acute. (Int +4, Str/Dex -1)
You expend magic power (3 MP) to strengthen your wands.


Message History

As you read the scroll of blinking, it crumbles to dust.
Okay, then.
This is a scroll of acquirement!
Something tries to affect you, but you resist.
You are confused.
You bump into the rock wall.
You bump into the rock wall.
You are more confused.
You feel invigorated.
Erica appears from thin air!
Reactivating autopickup.
Erica gestures at you while chanting. You resist with some effort.
You bump into the rock wall.
Erica barely misses you.
You closely miss Erica.
Erica is severely wounded.
Erica hits you with a +4 scimitar of flaming!
* * * LOW HITPOINT WARNING * * *
Erica burns you.
* * * LOW HITPOINT WARNING * * *
Erica hits you with a +4 scimitar of flaming.
* * * LOW HITPOINT WARNING * * *
Erica burns you.
* * * LOW HITPOINT WARNING * * *
You bump into the rock wall.
You feel less invigorated.
Erica seems less drained.
Erica hits you with a +4 scimitar of flaming.
* * * LOW HITPOINT WARNING * * *
Erica burns you.
* * * LOW HITPOINT WARNING * * *
Erica casts a spell at you. The lance of force hits you.
* * * LOW HITPOINT WARNING * * *
You are knocked back by the lance of force.
You bump into the rock wall.
You bump into the rock wall.
You feel less confused. Erica gestures at you while chanting.
The bolt of poison hits you!
You are lethally poisoned!
You die...

.# .# #..# .# #...... .#
#...... .# #.#......####
.# #.#.......>.# .#
#.#.>.......# .#
#.##........#############
.#
#............@...@......#
.#
#...........###########.#
# .# #.........###
......#.####.# .#
#.........#
?.....)††.....
.###.........#
.......()...##
.....#####...#
.......)....# .<...#
#...# .......§....#
.....# #...#
###....)....# .....#
#...# #####(#####


You could see Erica.

Vanquished Creatures
  Pikel (D:4)
  Prince Ribbit (D:6)
  Menkaure (D:5)
  A water moccasin (D:6)
  An ice beast (D:5)
  An orc warrior (D:6)
  A sky beast (D:6)
  A black bear (D:7)
  An ogre (D:7)
  3 centaurs
  A lemure (D:4)
  2 kobold brigands
  A bullfrog (D:6)
  4 killer bees (D:7)
  A howler monkey (D:8)
  3 hounds
  4 orc priests
  A jelly (D:6)
  A hexer (D:8)
  5 iguanas
  3 sleepcaps
  Natasha (twice) (D:2)
  3 orc wizards
  A gnoll (D:1)
  5 adders
  A shadow imp (D:6)
  4 white imps
  2 ufetubi
  3 worms
  3 dart slugs
  19 orcs
  6 ball pythons
  11 endoplasms
  4 giant cockroaches
  6 goblins
  6 hobgoblins
  4 jackals (D:2)
  A quokka (D:1)
  5 bats
  A frilled lizard (D:2)
  17 kobolds
  9 rats
151 creatures vanquished.

Vanquished Creatures (collateral kills)
  Sigmund (D:6)
  A steam dragon (D:8)
  Edmund (D:6)
  A water moccasin (D:7)
  A sky beast (D:6)
  An ogre (D:7)
  2 centaurs
  A killer bee (D:7)
  4 howler monkeys
  A hound (D:5)
  2 sleepcaps
  An iguana (D:5)
  2 orc wizards (D:8)
  An adder (D:6)
  An ufetubus (D:6)
  An orc (D:7)
22 creatures vanquished.

Vanquished Creatures (others)
  2 ancestors (D:6)
  An orc (D:8)
3 creatures vanquished.

Grand Total: 176 creatures vanquished

Notes
Turn   | Place    | Note
-------+----------+-------------------------------------------
     0 | D:1      | booth the Minotaur Fighter began the quest for the Orb.
     0 | D:1      | Reached XP level 1. HP: 19/19 MP: 0/0
    89 | D:1      | Reached XP level 2. HP: 27/27 MP: 1/1
    98 | D:1      | Reached skill level 3 in Axes
   148 | D:1      | Reached XP level 3. HP: 33/33 MP: 2/2
   689 | D:2      | Reached skill level 4 in Axes
   739 | D:2      | Noticed Natasha
   746 | D:2      | Killed Natasha
   747 | D:2      | Reached XP level 4. HP: 41/41 MP: 3/3
  1046 | D:2      | Noticed Natasha
  1054 | D:2      | Killed Natasha
  1210 | D:2      | Reached skill level 5 in Axes
  1383 | D:2      | Reached XP level 5. HP: 47/47 MP: 4/4
  1398 | D:2      | Found a faded altar of an unknown god.
  1863 | D:3      | Reached skill level 5 in Fighting
  2093 | D:3      | Found a burning altar of Makhleb.
  2093 | D:3      | Found a glowing golden altar of the Shining One.
  2103 | D:3      | Found a snail-covered altar of Cheibriados.
  2106 | D:3      | Found a shimmering altar of Xom.
  2107 | D:3      | Found a broken altar of Ashenzari.
  2123 | D:3      | Found a hazy altar of Hepliaklqana.
  2126 | D:3      | Found a sacrificial altar of Ru.
  2145 | D:3      | Became a worshipper of Hepliaklqana the Forgotten
  2536 | D:4      | Reached skill level 6 in Axes
  2625 | D:4      | Found an opulent altar of Gozag.
  2702 | D:4      | Found a staircase to the Ecumenical Temple.
  2844 | D:4      | Noticed a lemure
  2844 | D:4      | Noticed a lemure
  2872 | D:4      | Killed a lemure
  2990 | D:4      | Reached XP level 6. HP: 46/56 MP: 5/5
  3007 | D:4      | Noticed Pikel
  3021 | D:4      | Killed Pikel
  3022 | D:4      | Reached skill level 8 in Axes
  3022 | D:4      | Reached XP level 7. HP: 25/64 MP: 6/6
  3152 | D:4      | Gained mutation: You expend magic power (3 MP) to
                  | strengthen your wands. [potion of mutation]
  3152 | D:4      | Gained mutation: Your mind is acute. (Int +4, Str/Dex -1)
                  | [potion of mutation]
  3173 | D:5      | Entered Level 5 of the Dungeon
  3197 | D:5      | Found a transporter.
  3241 | D:5      | Noticed Sakumbe's ghost (novice SpVM)
  3242 | D:5      | Found a one-way gate to the infinite horrors of the Abyss.
  3327 | D:5      | Found a blossoming altar of Fedhas.
  3412 | D:5      | Found a transporter.
  3438 | D:5      | Reached * piety under Hepliaklqana
  3518 | D:5      | Noticed Menkaure
  3534 | D:5      | Killed Menkaure
  3535 | D:5      | Reached skill level 1 in Throwing
  3535 | D:5      | Reached skill level 1 in Invocations
  3722 | D:5      | Reached skill level 9 in Axes
  3751 | D:5      | Reached XP level 8. HP: 65/65 MP: 7/7
  4110 | D:6      | Noticed Sigmund
  4124 | D:6      | Killed Sigmund
  4178 | D:6      | Noticed Edmund
  4190 | D:6      | Killed Edmund
  4191 | D:6      | Reached skill level 10 in Axes
  4602 | D:6      | Noticed Prince Ribbit
  4636 | D:6      | Killed Prince Ribbit
  4637 | D:6      | Reached XP level 9. HP: 62/72 MP: 10/10
  4997 | D:6      | Reached ** piety under Hepliaklqana
  4998 | D:6      | Remembered your ancestor Hrodalf as a hexer
  5237 | D:6      | Reached skill level 11 in Axes
  5704 | D:7      | Found a basalt altar of Yredelemnul.
  6850 | D:8      | Reached *** piety under Hepliaklqana
  6870 | D:8      | Reached skill level 5 in Armour
  6939 | D:8      | Reached skill level 5 in Invocations
  7191 | D:8      | Reached XP level 10. HP: 80/81 MP: 12/12
  7191 | D:8      | Noticed Erica
  7213 | D:8      | HP: 3/81 [something (7)]
  7217 | D:8      | Identified a scroll of acquirement
  7228 | D:8      | Killed from afar by Erica

Illustrated notes

Levels and vault maps discovered:
D:1:      scummos_arrival_simple_crosswalls, layout_rooms, minmay_tetromino_s4
D:2:      layout_basic, chequers_ecumenical_altar_twisty, uniq_natasha
D:3:      layout_basic, nicolae_overflow_hallway_of_the_gods,
          minmay_misc_feat_encased
D:4:      layout_basic, mainiacjoe_overflow_surrounded_room,
          minmay_temple_entry_drinking_statues, uniq_pikel
D:5:      layout_gridville, mainiacjoe_overflow_six_doors_small,
          gammafunk_ghost_abyssal_escape, uniq_menkaure
D:6:      layout_cave_pools, serial_glass, glass_columns_a, glass_columns_a,
          minmay_strange_pillars, minmay_strange_pillars,
          minmay_strange_pillars, item_on_display_a, st_stairs_4,
          roderic_lattice_a, uniq_edmund, uniq_prince_ribbit1, uniq_sigmund
D:7:      layout_basic, mainiacjoe_overflow_24_doors
D:8:      layout_basic, lemuel_doored_altar, uniq_erica

Skill      XL: |  1  2  3  4  5  6  7  8  9 |
---------------+----------------------------+-----
Axes           | 3 4 5 6 8 9 10 11 | 11.7
Fighting       | 4 5 6 7 8 9 |  9.3
Throwing       | 1 3 4 |  4.9
Invocations    | 1 3 5 |  5.0
Armour         | 5 |  5.1
Shields        | |  3.8

Action                     |  1- 3 |  4- 6 |  7- 9 | 10-12 || total
---------------------------+-------+-------+-------+-------++-------
  Melee: War axe           |    70 |   108 |   184 |    17 ||   379
         Headbutt          |     4 |    14 |    34 |     1 ||    53
  Throw: Javelin           |     1 |     4 |     4 |       ||     9
         Dart              |       |       |    10 |     2 ||    12
         Boomerang         |       |       |    12 |     1 ||    13
 Invoke: Ancestor Identity |       |       |     1 |       ||     1
         Ancestor Life: He |       |       |     1 |       ||     1
    Use: Scroll            |     2 |     2 |     5 |     1 ||    10
         Potion            |       |     2 |     6 |     2 ||    10
   Stab: Distracted        |       |       |     3 |     1 ||     4
         Confused          |       |       |     3 |       ||     3
 Armour: Scale mail        |    27 |    51 |     1 |       ||    79
         Chain mail        |       |       |   123 |     9 ||   132
  Dodge: Dodged            |    30 |    35 |    79 |     4 ||   148
  Block: Buckler           |    12 |    21 |    44 |       ||    77
         Kite shield       |       |       |     9 |     5 ||    14
